 Dungeon Crawl Stone Soup version 0.25-a0-803-g58bd18402a (webtiles) character file.

Game seed: 8157003419847990551, levelgen mode: deterministic

61 Anathary the Skirmisher (level 3, 0/30 HPs)
             Began as a Demonspawn Fighter on Apr 19, 2020.
             Slain by a phantom (7 damage)
             ... on level 4 of the Dungeon.
             The game lasted 00:04:13 (1399 turns).

Anathary the Skirmisher (Demonspawn Fighter)        Turns: 1399, Time: 00:04:13

Health: 0/30       AC:  6    Str: 17    XL:     3   Next: 83%
Magic:  3/3        EV:  6    Int:  9    God:
Gold:   102        SH:  8    Dex: 12    Spells: 2/2 levels left

rFire    . . .     SeeInvis .   a - +0 long sword
rCold    . . .     Gourm    .   c - +0 kite shield
rNeg     . . .     Faith    .   b - +0 scale mail
rPois    .         Spirit   .   (no helmet)
rElec    .         Reflect  .   (no cloak)
rCorr    .         Harm     .   (no gloves)
MR       .....                  (no boots)
Stlth    ..........             (no amulet)
HPRegen  0.10/turn              (no ring)
MPRegen  0.08/turn              (no ring)

@: no status effects
A: spiny 2
a: no special abilities


You were on level 4 of the Dungeon.
You were not hungry.

You visited 1 branch of the dungeon, and saw 4 of its levels.

You collected 102 gold pieces.

Inventory:

Hand Weapons
 a - a +0 long sword (weapon)
Armour
 b - a +0 scale mail (worn)
 c - a +0 kite shield (worn)
Jewellery
 n - an uncursed ring of protection from magic {unknown}
Scrolls
 e - 4 scrolls of magic mapping {unknown}
 g - a scroll of enchant armour {unknown}
 h - a scroll of enchant weapon {unknown}
 j - 2 scrolls of remove curse {unknown}
 l - a scroll of teleportation {unknown}
Potions
 d - a potion of might
 i - a potion of flight {unknown}
 k - 2 potions of invisibility {unknown}
 m - a potion of cancellation {unknown}
Comestibles
 f - 4 rations


   Skills:
 + Level 3.9 Fighting
 + Level 3.1 Long Blades
 - Level 2.6 Armour
 - Level 2.6 Shields


You had 2 spell levels left.
You didn't know any spells.
Your spell library was empty.

Dungeon Overview and Level Annotations

Branches:
Dungeon (4/15)
 Temple: D:4-7

Altars:
Okawaru


Innate Abilities, Weirdness & Mutations

You are mostly covered in sharp spines.


Message History

The phantom is moderately damaged.
The phantom is struck by your spines. The phantom barely misses you.
You riposte.
You miss the phantom.
The phantom is moderately damaged.
You miss the phantom.
The phantom is moderately damaged.
The phantom is struck by your spines. The phantom barely misses you.
You riposte.
You miss the phantom.
The phantom is moderately damaged.
The phantom is struck by your spines. The phantom closely misses you.
You riposte.
You hit the phantom.
The phantom is heavily damaged.
You barely miss the phantom.
The phantom is heavily damaged.
The phantom is struck by your spines. The phantom hits you!
* * * LOW HITPOINT WARNING * * *
You hit the phantom.
The phantom is severely damaged.
The phantom is struck by your spines. The phantom hits you!
You die...

#........
#........
#...!....
#........
#........
#........
######........
#<).W@..#
#######.# .#
.# .# .# .# .#


You could see a phantom.

Vanquished Creatures
  Jessica (D:2)
  A dart slug (D:1)
  An orc (D:4)
  3 giant cockroaches (D:1)
  4 goblins
  6 hobgoblins
  A quokka (D:2)
  3 bats (D:1)
  5 frilled lizards
  4 kobolds
  3 rats (D:1)
32 creatures vanquished.

Notes
Turn   | Place    | Note
-------+----------+-------------------------------------------
     0 | D:1      | Anathary the Demonspawn Fighter began the quest for the
                  | Orb.
     0 | D:1      | Reached XP level 1. HP: 18/18 MP: 1/1
    57 | D:1      | Found an iron altar of Okawaru.
    97 | D:1      | You fall into a shaft and drop 1 floor!
   329 | D:1      | Gained mutation: You are partially covered in sharp spines.
                  | [demonic ancestry]
   329 | D:1      | Reached XP level 2. HP: 24/24 MP: 2/2
  1015 | D:1      | Gained mutation: You are mostly covered in sharp spines.
                  | [demonic ancestry]
  1015 | D:1      | Reached XP level 3. HP: 29/29 MP: 3/3
  1066 | D:2      | Noticed Jessica
  1068 | D:2      | Killed Jessica
  1352 | D:2      | You fall into a shaft and drop 1 floor!
  1361 | D:4      | Noticed a phantom
  1399 | D:4      | Slain by a phantom

Levels and vault maps discovered:
D:1:      minmay_arrival_split_and_join, layout_loops_corners,
          okawaru_ov_weapons_minmay
D:2:      minmay_diamond_boxcup, layout_basic, first_ration, serial_forest,
          infiniplex_forest_zigzag_2, infiniplex_forest_lined_ring,
          infiniplex_forest_clump_diagonal, infiniplex_forest_clump_curved,
          infiniplex_forest_straight_4, infiniplex_forest_clump_medium,
          grunt_decor_resistance, minmay_misc_feat_tiny,
          fedhas_altar_fruit_tree, uniq_jessica
D:3:      layout_loops_corners, overflow_temple_1_default, grunt_ministairs_11
D:4:      wander_river, layout_basic, serial_shops, shop, elyvilon_altar_4

Skill      XL: |  1  2  3 |
---------------+----------+-----
Long Blades    | 2 3 |  3.1
Fighting       | |  3.9
Armour         | |  2.6
Shields        | |  2.6

Action                   || total
-------------------------++-------
Melee: Long sword        ||   102
  Eat: Ration            ||     1
Armor: Scale mail        ||    45
Dodge: Dodged            ||    31
Block: Kite shield       ||    39
       Rpst.: Long sword ||     7

Table legend:
 A = Non-vault XP
 B = Vault XP
 C = Vault XP percentage of total XP
 D = Non-vault monster count
 E = Vault monster count
 F = Vault count percentage of total count
                 A         B        C        D         E       F
            +---------+---------+-------+---------+---------+-------
      Total |      51 |      37 |  42.0 |      31 |       1 |   3.1
            +---------+---------+-------+---------+---------+-------
        D:1 |      37 |       0 |   0.0 |      23 |       0 |   0.0
        D:2 |      11 |      37 |  77.1 |       7 |       1 |  12.5
        D:4 |       3 |       0 |   0.0 |       1 |       0 |   0.0
            +---------+---------+-------+---------+---------+-------
